 Dungeon Crawl Stone Soup version 0.30.0-5-g1a98f26d00 (webtiles) character file.

Game seed: 8894181374575820134

753 qeuew the Ducker (level 7, -2/35 HPs)
             Began as a Spriggan Hunter on May 8, 2023.
             Killed by divine providence
             ... invoked by an orc priest
              (13 damage)
             ... on level 4 of the Dungeon.
             The game lasted 00:06:09 (2335 turns).

qeuew the Ducker (Spriggan Hunter)                  Turns: 2335, Time: 00:06:12

Health: -2/35      AC:  2    Str:  7    XL:     7   Next: 49%
Magic:  8/12       EV: 22    Int: 10    God:
Gold:   228        SH:  0    Dex: 21    Spells: 10/12 levels left

rFire   + . .        a - +0 shortbow
rCold   . . .        (shield currently unavailable)
rNeg    . . .        c - +0 robe
rPois   .            (helmet restricted)
rElec   .            (no cloak)
rCorr   .            (gloves unavailable)
SInv    +            (boots unavailable)
Will    +....        (no amulet)
Stlth   +++          j - ring of protection from fire
HPRegen 0.25/turn    (no ring)
MPRegen 0.13/turn

%: no passive effects
@: very slightly contaminated, very quick
A: very small, no large weapons, unfitting armour, see invisible, speed 3
a: no special abilities


You were on level 4 of the Dungeon.
You visited 1 branch of the dungeon, and saw 4 of its levels.

You collected 228 gold pieces.

Inventory:

Hand Weapons
 a - a +0 shortbow (weapon)
Missiles
 f - a throwing net
Armour
 c - a +0 robe (worn)
Jewellery
 j - a ring of protection from fire (left hand)
Wands
 o - a wand of digging (5)
Scrolls
 b - a scroll of immolation
 d - a scroll of teleportation
 e - a scroll of enchant armour {unknown}
 g - a scroll of enchant weapon
 h - a scroll of magic mapping
 i - a scroll of butterflies {unknown}
 n - a scroll of fog


   Skills:
 + Level 2.9 Fighting
 * Level 6.0 Ranged Weapons
 * Level 6.2 Dodging
 + Level 4.9 Stealth
 + Level 3.2 Spellcasting
 + Level 1.4 Hexes


You had 10 spell levels left.
You knew the following spells:

 Your Spells              Type           Power      Damage    Failure   Level
a - Ensorcelled Hibernat  Hex/Ice        6%         N/A       30%         2

Your spell library contained the following spells:

 Spells                   Type           Power      Damage    Failure   Level
 Kiss of Death            Conj/Necr      4%         2d5       28%         1
 Passwall                 Tmut/Erth      0%         N/A       38%         2
 Confusing Touch          Hex            4%         N/A       41%         3
 Swiftness                Air            1%         N/A       63%         3
 Dispel Undead            Necr           1%         3d6       95%         4


Dungeon Overview and Level Annotations

Branches:
Dungeon (4/15)
 Temple: D:4-7

Altars:

Shops:
D:1 ((=


Innate Abilities, Weirdness & Mutations

You are very small and have problems with some larger weapons.
You are too small for most types of armour.
You have supernaturally acute eyesight. (SInv)
You cover ground extremely quickly. (Speed+++)


Message History

The orc wizard is almost dead.
The orc wizard casts a spell at you. You resist with almost no effort.
The orc priest mumbles some strange prayers to Beogh against you.
Beogh smites you!
You shoot an arrow. The arrow barely misses the orc wizard.
The adder misses you.
The orc wizard points at you and mumbles some strange words.
The puff of flame misses you.
You shoot an arrow. The arrow hits the orc wizard.
You kill the orc wizard!
The adder misses you. x2
You shoot an arrow. The arrow hits the orc priest!
The orc priest is heavily wounded.
The orc priest hits you with a +0 mace. The adder misses you.
The orc priest hits you with a +0 mace!
* * * LOW HITPOINT WARNING * * *
You are too injured to fight recklessly!
You are too injured to fight recklessly!
You are too injured to fight recklessly!
You are too injured to fight recklessly!
Casting: Ensorcelled Hibernation (dangerous; 30% risk of failure)
Confirm with . or Enter, or press ? or * to list all spells.
Aiming: Ensorcelled Hibernation (dangerous; 30% risk of failure)
Press: ? - help, Shift-Dir - straight line, f/p - orc priest
Aim: an orc priest, wielding a +0 mace (heavily wounded, chance to affect: 36%)
You miscast Ensorcelled Hibernation.
You are very lightly contaminated with residual magic.
Nothing appears to happen.
The adder misses you. x2
The orc priest barely misses you.
Casting: Ensorcelled Hibernation (dangerous; 30% risk of failure)
Confirm with . or Enter, or press ? or * to list all spells.
Aiming: Ensorcelled Hibernation (dangerous; 30% risk of failure)
Press: ? - help, Shift-Dir - straight line, f/p - orc priest
Aim: an orc priest, wielding a +0 mace (heavily wounded, chance to affect: 36%)
You miscast Ensorcelled Hibernation.
Nothing appears to happen.
The adder misses you.
The orc priest mumbles some strange prayers to Beogh against you.
Beogh smites you!
You die...

... ## .. ..#
.........#. #.. .##
....:....# #. ..#
........###. ## ...
#.......#... ...
.........# .......###
#. #oS......## ..###. >
#@........##.##...
#.#.....##.#........
#.).....#......###..
##..............#...
#........###.......#
......#.....#...#....#
.....##.........#.#...
...... ##..#......)#...
...................##..


You could see an orc priest and an adder.

Vanquished Creatures
  An orc warrior (D:3)
  2 scorpions (D:4)
  A howler monkey (D:2)
  A hound (D:3)
  An orc priest (D:3)
  A jelly (D:4)
  2 sleepcaps
  Jessica (D:3)
  An iguana (D:4)
  Natasha (thrice) (D:3)
  4 orc wizards
  4 adders
  3 gnolls (D:3)
  2 dart slugs
  6 orcs (D:3)
  7 bats
  4 endoplasms
  2 giant cockroaches
  6 hobgoblins
  2 jackals (D:1)
  2 quokkas
  7 ball pythons
  4 frilled lizards
  4 goblins
  4 kobolds
  8 rats
83 creatures vanquished.

Notes
Turn   | Place    | Note
-------+----------+-------------------------------------------
     0 | D:1      | qeuew the Spriggan Hunter began the quest for the Orb.
     0 | D:1      | Reached XP level 1. HP: 10/10 MP: 2/2
    87 | D:1      | Found Leokul's Weapon Emporium.
   130 | D:1      | Found Hiadeoss's Jewellery Shoppe.
   198 | D:1      | Found Naunamp's Antique Weapon Shoppe.
   366 | D:1      | Reached XP level 2. HP: 15/15 MP: 3/3
  1010 | D:2      | Reached XP level 3. HP: 13/18 MP: 4/4
  1071 | D:2      | Reached skill level 1 in Spellcasting
  1071 | D:2      | Reached XP level 4. HP: 23/23 MP: 6/6
  1613 | D:3      | Noticed Natasha
  1619 | D:3      | Killed Natasha
  1621 | D:3      | Noticed Jessica
  1625 | D:3      | Killed Jessica
  1626 | D:3      | Reached XP level 5. HP: 18/26 MP: 8/8
  1681 | D:3      | Noticed an orc warrior
  1687 | D:3      | Reached skill level 5 in Ranged Weapons
  1691 | D:3      | Killed an orc warrior
  1692 | D:3      | Reached skill level 5 in Dodging
  1692 | D:3      | Reached XP level 6. HP: 30/32 MP: 8/10
  1948 | D:3      | Noticed Natasha
  1951 | D:3      | Killed Natasha
  2006 | D:3      | Noticed Natasha
  2015 | D:3      | Killed Natasha
  2136 | D:3      | Learned a level 2 spell: Ensorcelled Hibernation
  2180 | D:3      | Reached XP level 7. HP: 23/35 MP: 12/12
  2296 | D:4      | Reached skill level 1 in Hexes
  2335 | D:4      | Killed from afar by an orc priest

Illustrated notes

Levels and vault maps discovered:
D:1:      psy_arrival_fountain, layout_basic, serial_shops,
          nicolae_shop_bloodbath_and_beyond, nicolae_shop_peninsula, shop,
          minmay_tetromino_s2
D:2:      layout_basic, serial_bayou_lagoon_a, st_stairs_1
D:3:      layout_rooms, uniq_natasha, uniq_jessica
D:4:      layout_cave_pools, lemuel_round_altar, minmay_misc_feat_chi

Skill      XL: |  1  2  3  4  5  6  7 |
---------------+----------------------+-----
Dodging        | 3 4 5 6 |  6.2
Stealth        | 2 3 4 |  4.9
Spellcasting   | 1 2 3 |  3.2
Fighting       | 2 |  2.9
Ranged Weapons | 5 6 |  6.0
Hexes          | 1 |  1.4

Action                     |  1- 3 |  4- 6 |  7- 9 || total
---------------------------+-------+-------+-------++-------
   Fire: Shortbow          |    74 |   120 |    45 ||   239
    Use: Scroll            |     4 |     6 |       ||    10
         Potion            |     2 |     3 |       ||     5
 Armour: Robe              |     5 |     3 |     1 ||     9
  Dodge: Dodged            |    35 |    48 |    24 ||   107
